 Dungeon Crawl Stone Soup version 0.23-a0-619-g281719c6f9 (webtiles) character file.

157 HereIgoKillingAgain the Charlatan (level 5, -5/25 HPs)
             Began as a Spriggan Artificer on Dec 23, 2018.
             Killed by nerve-wracking pain
             ... invoked by an orc priest
              (14 damage)
             ... on level 3 of the Dungeon.
             The game lasted 00:03:30 (2826 turns).

HereIgoKillingAgain the Charlatan (SpAr)            Turns: 2826, Time: 00:03:30

Health: -5/25      AC:  3    Str:  9    XL:     5   Next: 15%
Magic:  10/10      EV: 19    Int: 12    God:
Gold:   122        SH:  0    Dex: 17    Spells: 4/4 levels left

rFire    . . .     SeeInvis +   n - +1 dagger (speed)
rCold    . . .     Gourm    .   (shield restricted)
rNeg     . . .     Faith    .   b - +0 robe
rPois    .         Spirit   .   (helmet restricted)
rElec    .         Reflect  .   j - +0 cloak
rCorr    .         Harm     .   (gloves unavailable)
MR       .....                  (boots unavailable)
Stlth    ++++......             (no amulet)
HPRegen  0.08/turn              a - ring of stealth
MPRegen  0.12/turn              (no ring)

@: very quick
A: very small, unfitting armour, see invisible, herbivore, speed 3, slow
metabolism 2
a: no special abilities


You were on level 3 of the Dungeon.
You were not hungry.

You visited 1 branch of the dungeon, and saw 3 of its levels.

You collected 122 gold pieces.

Inventory:

Hand Weapons
 n - a +1 dagger of speed (weapon)
Armour
 b - a +0 robe (worn)
 j - a +0 cloak (worn)
Jewellery
 a - a ring of stealth (left hand)
Wands
 d - a wand of enslavement (15)
 e - a wand of random effects (15)
Scrolls
 g - 5 scrolls of identify
 h - 2 scrolls of enchant armour {unknown}
 i - a scroll of magic mapping {unknown}
 l - 2 scrolls of remove curse
 m - a scroll of fog {unknown}
Comestibles
 f - 5 rations


   Skills:
 - Level 0.7 Fighting
 - Level 1.1 Short Blades
 + Level 4.3 Dodging
 * Level 5.1 Stealth
 * Level 5.8 Evocations


You had 4 spell levels left.
You didn't know any spells.
Your spell library was empty.

Dungeon Overview and Level Annotations

Branches:
Dungeon (3/15)

Altars:
Ashenzari
The Shining One


Innate Abilities, Weirdness & Mutations

You are very small and have problems with some larger weapons.
You are too small for most types of armour.
You have supernaturally acute eyesight. (SInv)
You are a herbivore.
You cover ground extremely quickly.
You need to consume almost no food.


Message History

The puff of flame hits the orc priest.
The orc priest is severely wounded.
The now-empty wand crumbles to dust.
The orc priest completely misses you.
Evoke which item? (* to show all) (? for menu, Esc to quit)
You don't have any such object.
Evoke which item? (* to show all) (? for menu, Esc to quit)
You don't have any such object.
Evoke which item? (* to show all) (? for menu, Esc to quit)
Okay, then.
Evoke which item? (* to show all) (? for menu, Esc to quit)
Okay, then.
You barely miss the orc priest.
The orc priest is severely wounded.
You feel better. The orc priest misses you.
You hit the orc priest.
The orc priest is almost dead.
The orc priest invokes the aid of Beogh against you.
Pain shoots through your body!
Ouch! That really hurt!
You die...

.....# #..# ###### #.##
#.# #.# #.# #.# #.#
##### #.#############
##...#####.#....@o......
.............###########
.##.##.####### ....##.#
.#####.# #.###.##
##<..## #####


You could see an orc priest.

Vanquished Creatures
  2 orc wizards
  4 adders
  A worm (D:2)
  2 dart slugs (D:1)
  A leopard gecko (D:2)
  14 orcs
  A ball python (D:1)
  A giant cockroach (D:3)
  2 goblins (D:1)
  5 hobgoblins
  A kobold (D:2)
  5 bats
  3 frilled lizards (D:2)
  4 rats
46 creatures vanquished.

Notes
Turn   | Place    | Note
-------+----------+-------------------------------------------
     0 | D:1      | HereIgoKillingAgain the Spriggan Artificer began the quest
                  | for the Orb.
     0 | D:1      | Reached XP level 1. HP: 9/9 MP: 4/4
   486 | D:1      | Reached XP level 2. HP: 14/14 MP: 6/6
  1205 | D:2      | Reached XP level 3. HP: 6/17 MP: 7/7
  1722 | D:2      | Reached skill level 5 in Evocations
  1816 | D:2      | Reached XP level 4. HP: 21/21 MP: 8/8
  2064 | D:2      | Found a shattered altar of Ashenzari.
  2662 | D:3      | Found a glowing golden altar of the Shining One.
  2811 | D:3      | Reached skill level 5 in Stealth
  2811 | D:3      | Reached XP level 5. HP: 19/25 MP: 10/10
  2826 | D:3      | Killed from afar by an orc priest

Vault maps used:
D:1:      minmay_arrival_four_houses
D:2:      lemuel_crystal_altar
D:3:      grunt_temple_overflow_growth_and_decay, lemuel_crystal_altar,
          gammafunk_temple_overflow_pools

Skill      XL: |  1  2  3  4 |
---------------+-------------+-----
Stealth        | 2 3 4 5 |  5.1
Evocations     | 5 |  5.8
Dodging        | 4 |  4.3
Fighting       | |  0.7
Short Blades   | |  1.1

Action                   |  1- 3 |  4- 6 || total
-------------------------+-------+-------++-------
Melee: Short sword       |    65 |    40 ||   105
       Dagger            |       |    64 ||    64
Evoke: Wand              |     4 |    11 ||    15
  Use: Scroll            |     1 |     5 ||     6
       Potion            |     1 |     1 ||     2
 Stab: Sleeping          |     4 |     5 ||     9
Armor: Robe              |    11 |     6 ||    17
Dodge: Dodged            |    55 |    58 ||   113

Table legend:
 A = Non-vault XP
 B = Vault XP
 C = Vault XP percentage of total XP
 D = Non-vault monster count
 E = Vault monster count
 F = Vault count percentage of total count
                 A         B        C        D         E       F
            +---------+---------+-------+---------+---------+-------
      Total |     225 |       0 |   0.0 |      46 |       0 |   0.0
            +---------+---------+-------+---------+---------+-------
        D:1 |      19 |       0 |   0.0 |       9 |       0 |   0.0
        D:2 |     117 |       0 |   0.0 |      23 |       0 |   0.0
        D:3 |      89 |       0 |   0.0 |      14 |       0 |   0.0
            +---------+---------+-------+---------+---------+-------
